 Dungeon Crawl Stone Soup version 0.28.0-53-g5a82cb258f (webtiles) character file.

Game seed: 13467269271024846016

1 DemonSlayer the Firebug (level 1, -2/13 HPs)
             Began as a Demonspawn Fire Elementalist on July 23, 2022.
             Slain by a jackal (3 damage)
             ... on level 1 of the Dungeon.
             The game lasted 00:00:10 (140 turns).

DemonSlayer the Firebug (DsFE)                       Turns: 140, Time: 00:00:11

Health: -2/13      AC:  2    Str:  8    XL:     1   Next: 16%
Magic:  3/3        EV: 12    Int: 16    God:
Gold:   26         SH:  0    Dex: 13    Spells: 3/4 levels left

rFire   . . .      SeeInvis .   (no weapon)
rCold   . . .      Faith    .   (no shield)
rNeg    . . .      Spirit   .   a - +0 robe
rPois   .          Reflect  .   (no helmet)
rElec   .          Harm     .   (no cloak)
rCorr   .          Rampage  .   (no gloves)
Will    .....                   (no boots)
Stlth   ++........              (no amulet)
HPRegen 0.04/turn               (no ring)
MPRegen 0.08/turn               (no ring)

@: no status effects
A: no striking features
a: no special abilities


You were on level 1 of the Dungeon.
You visited 1 branch of the dungeon, and saw 1 of its levels.

You collected 26 gold pieces.

Inventory:

Armour
 a - a +0 robe (worn)
Scrolls
 b - 2 scrolls of identify {unknown}
Potions
 c - a potion of brilliance {unknown}


   Skills:
 + Level 1.7 Dodging
 + Level 1.7 Stealth
 + Level 2.0 Spellcasting
 + Level 1.0 Conjurations
 + Level 2.8 Fire Magic


You had 3 spell levels left.
You knew the following spells:

 Your Spells              Type           Power      Damage    Failure   Level
a - Foxfire               Conj/Fire      28%        2x1d5     10%         1

Your spell library contained the following spells:

 Spells                   Type           Power      Damage    Failure   Level
 Scorch                   Fire           20%        2d6       10%         2
 Conjure Flame            Conj/Fire      7%         6-21      28%         3
 Inner Flame              Hex/Fire       6%         N/A       34%         3
 Flame Wave               Conj/Fire      7%         2d5       67%         4


Dungeon Overview and Level Annotations

Branches:
Dungeon (1/15)

Altars:


Message History

The endoplasm is moderately wounded.
The jackal bites you. The jackal closely misses you. The jackal misses you.
The endoplasm barely misses you.
You hit the endoplasm but do no damage.
The endoplasm is lightly wounded.
The jackal barely misses you. x2; The jackal bites you.
The endoplasm hits you.
You hit the endoplasm but do no damage.
The endoplasm is lightly wounded.
The jackal completely misses you. The jackal barely misses you. x2
The endoplasm misses you.
You hit the endoplasm.
The endoplasm is heavily wounded.
The jackal misses you. The jackal closely misses you.
The endoplasm freezes you.
You are frozen.
* * * LOW HITPOINT WARNING * * *
You hit the endoplasm.
The endoplasm is severely wounded.
The jackal barely misses you. The jackal misses you.
The jackal closely misses you. The endoplasm misses you.
You barely miss the endoplasm.
The endoplasm is severely wounded.
The jackal closely misses you. The jackal barely misses you.
The jackal bites you but does no damage.
The endoplasm hits you but does no damage.
You hit the endoplasm but do no damage.
The endoplasm is severely wounded.
The jackal closely misses you.
The jackal bites you but does no damage.
The jackal closely misses you. The endoplasm closely misses you.
You hit the endoplasm but do no damage.
The endoplasm is severely wounded.
The jackal closely misses you. The jackal barely misses you.
The jackal closely misses you.
The endoplasm hits you but does no damage.
You hit the endoplasm but do no damage.
The endoplasm is severely wounded.
The jackal bites you but does no damage.
The jackal bites you.
You die...

#. .P.P .. ...#
#.# ...#
#..###.P≈
###.#....#
+........# .P.
#...J..#..⌠⌠
#..@..#.≈P.
###.hhP#.PPP.
#......#..PPP
#.......# #
#.......#
#.[.....# ####
###
##.......###..#
..#
#....#.####.#.#
..#
#......##...#.#


You could see an endoplasm and 2 jackals.

Vanquished Creatures
  A quokka (D:1)
1 creature vanquished.

Vanquished Creatures (others)
  6 foxfires (D:1)
6 creatures vanquished.

Grand Total: 7 creatures vanquished

Notes
Turn   | Place    | Note
-------+----------+-------------------------------------------
     0 | D:1      | DemonSlayer the Demonspawn Fire Elementalist began the
                  | quest for the Orb.
     0 | D:1      | Reached XP level 1. HP: 13/13 MP: 3/3
   140 | D:1      | Slain by a jackal

Illustrated notes

Levels and vault maps discovered:
D:1:      saegor_arrival_simple_e, layout_basic,
          shapermc_ecumenical_altar_mp_ritualfount, roderic_roman_lattice

Action                   || total
-------------------------++-------
Melee: Unarmed           ||    10
 Cast: Foxfire           ||     3
Armor: Robe              ||     6
Dodge: Dodged            ||    28
